Map: Dreamcatcher LE

Players

Beastyqt

  • Race: Terran Terran
  • Spawn Location: 5:00

A.I. 1 (Very Easy) - Winner!

  • Race: Zerg Zerg
  • Spawn Location: 11:00

VOD

https://www.youtube.com/watch?v=k0OexgAQ3vc

Description

Time

  • Played on: Oct. 25, 2018, 1:44 p.m.
  • Length: 9:33
Show
View Real Time Build Order
Export as new Build Order

Beastyqt Terran 

Build Orders: Reaper Expand, Hellion Banshee, MMM Bio 

Get SALT Encoding   

  12  0:02  SCV  
  13  0:14  SCV  
  14  0:17  Supply Depot  
  14  0:26  SCV  
  15  0:38  SCV  
  15  0:41  Barracks  
  16  0:46  Refinery  
  16  0:51  SCV  
  17  1:03  SCV  
  18  1:15  SCV  
  19  1:28  Reaper, Orbital Command  
  20  1:41  Command Center  
  20  1:51  Supply Depot  
  20  1:53  SCV  
  21  2:00  Marine  
  22  2:05  SCV  
  23  2:13  Factory  
  23  2:17  SCV  
  24  2:23  Barracks Reactor  
  24  2:29  SCV  
  25  2:40  Command Center  
  25  2:41  SCV  
  26  2:52  Orbital Command  
  26  2:54  SCV  
  27  3:00  Refinery  
  27  3:04  Hellion  
  27  3:05  Hellion  
  31  3:08  SCV  
  32  3:16  Starport  
  32  3:19  SCV  
  33  3:22  SCV  
  33  3:26  Barracks Tech Lab  
  34  3:31  Hellion  
  34  3:32  SCV  
  37  3:34  SCV  
  37  3:35  Hellion  
  40  3:44  SCV  
  40  3:47  SCV  
  42  3:52  Hellion  
  45  3:56  Hellion, Orbital Command  
  45  3:59  Banshee, SCV  
  45  4:01  SCV  
  51  4:11  SCV  
  51  4:13  Barracks Tech Lab, SCV  
  51  4:16  Supply Depot  
  53  4:23  SCV  
  54  4:24  Barracks, SCV  
  54  4:25  SCV  
  54  4:26  Barracks  
  54  4:30  Factory Reactor  
  56  4:31  Marine  
  56  4:32  Stimpack  
  56  4:35  SCV  
  58  4:41  SCV  
  58  4:42  Viking  
  61  4:46  Orbital Command  
  61  4:47  Supply Depot, Refinery  
  61  4:48  Refinery  
  61  4:49  SCV  
  61  4:51  Marine  
  63  4:53  SCV  
  64  5:00  Engineering Bay  
  64  5:01  SCV, Engineering Bay  
  64  5:05  SCV  
  66  5:09  Marine  
  66  5:10  Supply Depot  
  66  5:13  SCV x2  
  69  5:17  SCV  
  69  5:18  Marine x2  
  72  5:21  Siege Tank  
  72  5:24  Starport Reactor  
  72  5:25  SCV x2  
  77  5:31  Marine, SCV  
  77  5:32  Supply Depot  
  77  5:33  Supply Depot, Terran Infantry Weapons Level 1  
  77  5:34  Supply Depot  
  77  5:35  Terran Infantry Armor Level 1  
  79  5:40  SCV x2  
  79  5:41  Marine x2  
  79  5:42  Marine x2  
  85  5:50  Supply Depot  
  85  5:53  Marine  
  85  5:54  SCV x3, Siege Tank  
  92  5:57  Supply Depot  
  92  5:59  Marine  
  92  6:04  Supply Depot  
  92  6:05  Marine x2, Medivac  
  92  6:06  SCV x2  
  92  6:07  Medivac  
  92  6:09  SCV  
  92  6:11  Marine  
  102  6:18  SCV  
  103  6:19  SCV  
  103  6:21  Barracks x2, SCV  
  103  6:22  Marine x2  
  103  6:23  Marine  
  103  6:24  Marine  
  109  6:28  Siege Tank  
  109  6:29  Marine  
  109  6:30  SCV  
  114  6:33  Armory, SCV x2  
  116  6:44  Supply Depot, Marine x3  
  116  6:45  SCV  
  120  6:47  SCV  
  120  6:48  Refinery x2  
  120  6:50  SCV  
  120  6:52  Factory  
  120  6:53  Medivac x2  
  126  6:57  SCV  
  126  6:59  SCV  
  126  7:00  Supply Depot  
  126  7:01  Combat Shields, Marine x2  
  128  7:02  Supply Depot  
  128  7:08  SCV  
  131  7:09  Marine x2, Siege Tank  
  131  7:11  Barracks Reactor x2  
  131  7:13  Marine  
  137  7:19  Marine  
  138  7:26  Marine  
  138  7:27  Marine x2  
  138  7:28  Terran Vehicle Weapons Level 1  
  141  7:31  Marine  
  142  7:37  Marine, Command Center  
  143  7:44  Marine  
  143  7:45  Marine x2  
  143  7:49  Marine x4  
  143  7:51  Factory Tech Lab  
  150  7:53  Siege Tank  
  150  7:54  Marine  
  150  7:55  Marine  
  155  8:02  Marine  
  155  8:03  Marine  
  157  8:29  Barracks x2  
  157  8:35  Barracks  
Show
View Real Time Build Order
Export as new Build Order

A.I. 1 (Very Easy) Zerg - Winner!

Build Orders: Pool First 

Get SALT Encoding   

  12  0:01  Drone  
  13  0:12  Overlord  
  13  0:17  Drone  
  14  0:35  Spawning Pool  
  13  0:36  Extractor  
  13  0:39  Drone  
  13  0:46  Drone  
  14  0:52  Overlord  
  14  1:22  Zergling x2  
  14  1:23  Queen  
  17  1:31  Roach Warren  
  16  1:34  Drone  
  16  1:38  Extractor  
  16  1:40  Zergling x2  
  16  1:43  Drone  
  18  1:55  Drone  
  18  1:59  Zergling x2  
  20  2:06  Drone  
  21  2:17  Drone  
  22  2:27  Drone  
  22  2:29  Overlord  
  23  2:34  Drone  
  24  2:42  Drone  
  25  4:56  Zergling x2  
  25  5:48  Drone, Roach  
  25  5:49  Lair, Overlord  
  28  5:55  Drone  
  28  6:03  Drone  
  29  6:10  Drone  
  30  6:17  Drone  
  29  6:31  Roach  
  31  6:46  Overseer  
  31  6:49  Overseer  
  31  7:09  Drone, Hatchery  
  31  7:14  Roach  
  33  7:57  Zergling x2  
  34  8:21  Drone  
  35  8:28  Extractor  
  35  8:29  Drone  
  35  8:31  Extractor  
  34  8:36  Drone  
  35  8:43  Drone  
  36  8:50  Drone  
  37  8:57  Drone  
  38  9:04  Drone  
  39  9:12  Drone  
  40  9:19  Drone  
Tags
 
Add a new tag
Caveats
  • Supply blocks, unpowered buildings, or Contaminate may cause inaccurate times.
  • Supply counts are checked every 10 seconds.